 Dungeon Crawl Stone Soup version 0.31-a0-1570-g93c622d (webtiles) character file.

Game seed: 492863113030718669

403 Dorkslayer the Trooper (level 6, -8/63 HPs)
             Began as an Oni Fighter on Jan 3, 2024.
             Killed by an exploding orc priest (41 damage)
             ... ignited by their inner flame
             ... on level 4 of the Dungeon.
             The game lasted 00:08:24 (3253 turns).

Dorkslayer the Trooper (Oni Fighter)                Turns: 3253, Time: 00:08:24

Health: -8/63      AC:  3    Str: 21    XL:     6   Next: 86%
Magic:  6/6        EV:  9    Int:  9    God:
Gold:   199        SH:  8    Dex: 10    Spells: 5/5 levels left

rFire   . . .        a - +0 war axe
rCold   + . .        c - +0 kite shield
rNeg    . . .        b - +0 robe
rPois   .            (helmet restricted)
rElec   .            (no cloak)
rCorr   .            (gloves unavailable)
SInv    .            (boots unavailable)
Will    +....        (no amulet)
Stlth   +            k - ring of protection from cold
HPRegen 0.30/turn    (no ring)
MPRegen 0.10/turn

%: no passive effects
@: about to teleport, enlightened, flying
A: large, unfitting armour, horns 1, tough skin 1, double potion healing,
drunken brawling
a: no special abilities


You were on level 4 of the Dungeon.
You visited 1 branch of the dungeon, and saw 4 of its levels.

You collected 199 gold pieces.

Inventory:

Hand Weapons
 a - a +0 war axe (weapon)
Missiles
 g - 4 javelins (quivered)
Armour
 b - a +0 robe (worn)
 c - a +0 kite shield (worn)
 h - a +0 tower shield
Jewellery
 k - a ring of protection from cold (left hand)
Talismans
 i - a maw talisman
Wands
 d - a wand of flame (22)
Scrolls
 f - a scroll of poison
 j - a scroll of fog
 n - a scroll of enchant weapon


   Skills:
 + Level 4.6 Fighting
 + Level 4.0 Axes
 * Level 1.8 Armour
 * Level 4.0 Dodging
 + Level 0.1 Stealth
 * Level 3.7 Shields
 * Level 0.8 Evocations
 * Level 1.2 Shapeshifting


You had 5 spell levels left.
You didn't know any spells.
Your spell library was empty.

Dungeon Overview and Level Annotations

Branches:
Dungeon (4/15)
 Temple: D:4-7

Altars:
Kikubaaqudgha
Sif Muna


Innate Abilities, Weirdness & Mutations

You are too large for most types of armour.
You have a pair of small horns on your head.
You have tough skin. (AC +1)
You gain doubled healing and magic from potions.
Whenever you drink a healing potion, you attack all around you.


Message History

As you read the scroll of blinking, it crumbles to dust.
Okay, then.
Okay, then.
You feel very buoyant.
You fly up into the air.
Okay, then.
An adder comes into view.
The adder hisses angrily.
As you read the scroll of immolation, it crumbles to dust.
The creatures around you are filled with an inner flame!
You aren't carrying any potions.
Okay, then.
The air fills with toxic fumes!
As you read the scroll of poison, it crumbles to dust.
The orc priest barely misses you.
Unknown command.
As you read the scroll of teleportation, it crumbles to dust.
You feel strangely unstable. The orc priest hits you with a +0 whip.
Throw: 5 javelins
Press: ? - help, Q - select action, (/) - cycle Shift-Dir - straight line, f - orc priest
Aim: an orc priest, wielding a +0 whip (heavily wounded, inner flame, 54% to hit)
You throw a javelin.
The javelin pierces through the orc priest!
The javelin closely misses the white imp.
The javelin completely misses the adder.
The javelin pierces through the orc! x2
The orc explodes!
The fiery explosion engulfs the adder!!!
The fiery explosion engulfs the endoplasm!!!
You kill the endoplasm!
The fiery explosion engulfs the orc!! x2
You kill the orc!
The orc explodes!
The adder explodes!
The fiery explosion engulfs the adder!!!
The adder explodes!
The fiery explosion engulfs the white imp!!!
The white imp is burned terribly!
The white imp explodes!
The orc explodes!
The orc priest explodes!
The fiery explosion engulfs you!!!
Ouch! That really hurt!
You die...

#.###..####.......#..#
#......#......§##§#§.#
####.....#####§§.§§..#
#.#.#.##...§§§§#.##
#.#....§)##§#§§#§§.
#.###.##§§§§§§§§§§.
#..§§§##§#§§§§§###.
#####§§§§§§§§§##
######@#### #§# ##§##
#§§§# #§§§# #§§§#
#§§§# ## #§(J##.##
####...#...##..


You could see an endoplasm.

Vanquished Creatures
  Sigmund (D:3)
  2 orc priests (D:4)
  Terence (D:2)
  Natasha (thrice) (D:3)
  7 adders
  A white imp (D:4)
  2 dart slugs (D:2)
  3 ribbon worms
  5 orcs (D:4)
  5 endoplasms
  3 giant cockroaches
  4 goblins
  7 hobgoblins
  9 kobolds
  5 quokkas
  5 ball pythons
  A bat (D:3)
  2 frilled lizards
  2 rats
68 creatures vanquished.

Vanquished Creatures (others)
  A human (D:3)
1 creature vanquished.

Grand Total: 69 creatures vanquished

Notes
Turn   | Place    | Note
-------+----------+-------------------------------------------
     0 | D:1      | Dorkslayer the Oni Fighter began the quest for the Orb.
     0 | D:1      | Reached XP level 1. HP: 24/24 MP: 1/1
   272 | D:1      | Reached XP level 2. HP: 25/32 MP: 2/2
   875 | D:2      | Reached XP level 3. HP: 38/40 MP: 3/3
  1072 | D:2      | Reached XP level 4. HP: 33/49 MP: 4/4
  1072 | D:2      | Noticed Terence
  1082 | D:2      | Killed Terence
  1083 | D:2      | Reached skill level 1 in Armour
  1413 | D:3      | Noticed Natasha
  1418 | D:3      | Killed Natasha
  1419 | D:3      | Reached XP level 5. HP: 55/55 MP: 5/5
  2018 | D:3      | Found a shimmering blue altar of Sif Muna.
  2141 | D:3      | Found an ancient bone altar of Kikubaaqudgha.
  2165 | D:3      | Noticed a human
  2168 | D:3      | Killed a human
  2297 | D:3      | Noticed Sigmund
  2307 | D:3      | Killed Sigmund
  2308 | D:3      | Reached skill level 1 in Shapeshifting
  2308 | D:3      | Reached XP level 6. HP: 27/63 MP: 6/6
  2566 | D:3      | Noticed Natasha
  2575 | D:3      | Killed Natasha
  3046 | D:3      | Noticed Natasha
  3053 | D:3      | Killed Natasha
  3253 | D:4      | Killed by an exploding orc priest... ignited by their inner
                  | flame

Illustrated notes

Levels and vault maps discovered:
D:1:      onia_arrival_pyramid, layout_loops_corners, minmay_misc_feat_cross
D:2:      layout_rooms, uniq_terence
D:3:      layout_basic, tgw_kikubaaqudgha, lemuel_blue_sif_altar, uniq_sigmund,
          uniq_natasha
D:4:      layout_loops_cross, old_standard_altar

Skill      XL: |  1  2  3  4  5  6 |
---------------+-------------------+-----
Dodging        | 3 4 |  4.0
Shields        | 3 |  3.7
Armour         | 1 |  1.8
Axes           | 3 4 |  4.0
Shapeshifting  | 1 |  1.2
Fighting       | |  4.6
Stealth        | |  0.1
Evocations     | |  0.8

Action                     |  1- 3 |  4- 6 || total
---------------------------+-------+-------++-------
  Melee: War axe           |    85 |    87 ||   172
         Headbutt          |    12 |    19 ||    31
  Throw: Javelin           |       |     5 ||     5
    Use: Potion            |       |     2 ||     2
         Scroll            |       |    12 ||    12
   Stab: Sleeping          |       |     1 ||     1
 Armour: Robe              |    65 |    61 ||   126
  Dodge: Dodged            |    38 |    31 ||    69
  Block: Kite shield       |    44 |    26 ||    70

Table legend: (Time is in decaauts)
 A = Elapsed time spent in this place.
 B = Non-inter-level travel time spent in this place.
 C = Inter-level travel time spent in this place.
 D = Time resting spent in this place.
 E = Time spent auto-exploring this place.
 F = Levels seen in this place.
 G = Mean time per level.
                   A        B        C        D        E       F      G
               +--------+--------+--------+--------+--------+-----+--------+
         Total |   3341 |   3341 |      0 |     55 |   1715 |   4 |  835.2 |
       Dungeon |   3341 |   3341 |      0 |     55 |   1715 |   4 |  835.2 |
               +--------+--------+--------+--------+--------+-----+--------+

Top non-repeatable levels by time:
     D:3: 1753 daAuts
     D:1: 887 daAuts
     D:2: 579 daAuts
     D:4: 120 daAuts
